Map: Écho EC

Players

roosacknoodl

  • Race: Zerg Zerg
  • League: Grandmaster

AgCl - Winner!

  • Race: Protoss Protoss
  • League: Grandmaster

VOD

Have the link to the VOD?

Description

Time

  • Played on: June 9, 2015, 7:09 p.m.
  • Length: 8:03
Show
View Real Time Build Order
Export as new Build Order

roosacknoodl Zerg 

Build Orders: Pool First 

Get SALT Encoding   

  12  0:04  Drone  
  13  0:15  Overlord  
  13  0:18  Drone  
  14  0:34  Drone x2  
  16  0:38  Drone  
  17  0:51  Drone, Spawning Pool  
  17  1:01  Drone  
  18  1:10  Drone  
  19  1:22  Hatchery  
  18  1:31  Drone  
  19  1:33  Drone  
  19  1:39  Queen  
  22  1:42  Overlord  
  22  1:48  Extractor  
  21  1:58  Overlord  
  21  2:07  Zergling x2  
  21  2:49  Hatchery  
  20  2:51  Queen  
  22  3:09  Lair  
  22  3:15  Roach Warren  
  21  3:26  Drone x2  
  21  3:27  Drone x4  
  24  3:28  Drone x8  
  35  3:41  Overlord  
  35  3:47  Extractor  
  32  4:25  Spore Crawler  
  32  4:27  Spore Crawler  
  32  4:30  Queen  
  24  4:35  Roach x11  
  24  4:37  Queen  
  42  4:52  Drone x2  
  44  4:53  Drone  
  46  5:00  Drone x2  
  46  5:03  Drone  
  48  5:09  Drone  
  49  5:54  Drone x3  
  52  6:01  Drone x5  
  52  6:02  Drone, Overlord x2  
  52  6:03  Overlord x2  
  58  6:16  Hydralisk Den  
  58  6:18  Drone  
  58  6:20  Overlord x2  
  58  6:50  Evolution Chamber  
  58  6:51  Evolution Chamber  
  56  7:07  Drone x2  
  56  7:08  Drone x3  
  61  7:25  Hydralisk  
  61  7:26  Hydralisk x7  
  61  7:27  Hydralisk  
Show
View Real Time Build Order
Export as new Build Order

AgCl Protoss - Winner!

Build Orders: Oracle Opening, Oracle Opening, Carrier Rush 

Get SALT Encoding   

  12  0:30  Pylon  
  12  0:36  Probe  
  12  0:39  Assimilator  
  13  0:48  Probe (Chrono Boost)  
  14  0:52  Gateway  
  14  1:00  Probe (Chrono Boost)  
  15  1:10  Probe (Chrono Boost)  
  16  1:18  Probe (Chrono Boost)  
  17  1:29  Pylon  
  17  1:30  Probe (Chrono Boost)  
  18  1:36  Probe (Chrono Boost)  
  19  1:41  Zealot (Chrono Boost)  
  21  1:47  Probe  
  21  1:53  Cybernetics Core  
  22  2:00  Probe  
  23  2:13  Probe  
  23  2:14  Nexus  
  24  2:22  Assimilator  
  24  2:25  Probe  
  25  2:30  Stargate  
  25  2:37  Probe  
  26  2:49  Probe (Chrono Boost)  
  27  2:59  Pylon  
  27  3:01  Probe (Chrono Boost)  
  28  3:06  Mothership Core (Chrono Boost)  
  28  3:17  Oracle (Chrono Boost)  
  31  3:20  Probe, Assimilator  
  31  3:22  Pylon  
  32  3:27  Probe  
  32  3:29  Warp Gate (Chrono Boost)  
  32  3:32  Probe  
  34  3:36  Assimilator  
  34  3:39  Probe (Chrono Boost)  
  35  3:47  Probe (Chrono Boost)  
  36  3:51  Probe (Chrono Boost)  
  37  4:01  Probe x2 (Chrono Boost)  
  39  4:05  Fleet Beacon  
  39  4:08  Probe (Chrono Boost)  
  41  4:15  Probe (Chrono Boost)  
  42  4:17  Probe (Chrono Boost)  
  42  4:21  Probe (Chrono Boost)  
  43  4:25  Probe (Chrono Boost)  
  44  4:37  Probe (Chrono Boost)  
  44  4:38  Probe (Chrono Boost)  
  47  4:47  Probe (Chrono Boost), Pylon  
  47  4:48  Probe (Chrono Boost)  
  47  4:49  Gateway  
  47  4:50  Pylon  
  48  4:52  Carrier (Chrono Boost)  
  48  4:53  Forge  
  48  4:55  Probe, Gateway  
  48  4:57  Pylon  
  49  5:16  Probe  
  49  5:17  Probe  
  57  5:23  Graviton Catapult (Chrono Boost), Protoss Air Weapons Level 1 (Chrono Boost)  
  57  5:28  Probe  
  58  5:29  Probe  
  59  5:40  Probe  
  59  5:41  Probe  
  61  5:44  Carrier (Chrono Boost)  
  61  5:48  Protoss Ground Weapons Level 1  
  61  5:52  Probe  
  61  5:53  Probe  
  63  6:02  Gateway  
  69  6:04  Probe  
  69  6:05  Probe  
  71  6:14  Gateway  
  71  6:16  Probe  
  71  6:18  Probe  
  73  6:28  Probe  
  74  6:35  Probe  
  75  6:40  Probe  
  76  6:47  Probe  
  76  6:48  Nexus  
  76  6:51  Adept x3  
  83  6:58  Stargate  
  83  7:12  Pylon  
  83  7:14  Pylon  
  83  7:15  Twilight Council  
  83  7:31  Pylon  
  83  7:38  Adept x3  
  83  7:39  Adept x2  
Tags
 
Add a new tag
Caveats
  • Supply blocks, unpowered buildings, or Contaminate may cause inaccurate times.
  • Supply counts are checked every 10 seconds.